 Dungeon Crawl Stone Soup version 0.27-a0-1500-g450c7e4133 (webtiles) character file.

Game seed: 12221521880692867854

13365 avis the Martial Artist (level 12, -1/85 HPs)
             Began as an Octopode Transmuter on July 7, 2021.
             Was an Initiate of Gozag.
             Succumbed to a water moccasin's poison
             ... on level 1 of the Lair of Beasts on July 8, 2021.
             The game lasted 01:26:11 (18449 turns).

avis the Martial Artist (Octopode Transmuter)      Turns: 18449, Time: 01:26:11

Health: -1/85      AC:  6    Str: 16    XL:     12   Next: 5%
Magic:  13/16      EV: 26    Int: 18    God:    Gozag
Gold:   2155       SH:  0    Dex: 25    Spells: 6/17 levels left

rFire    . . .     SeeInvis .     - Unarmed
rCold    . . .     Faith    .   (shield currently unavailable)
rNeg     . . .     Spirit   .   (helmet currently unavailable)
rPois    x         Reflect  .   (no amulet)
rElec    .         Harm     .   c - +6 ring of dexterity
rCorr    .         Rampage  .   q - +6 ring of strength
Will     .....                  w - +4 ring of protection
Stlth    +++.......             G - +4 ring of slaying
HPRegen  0.24/turn              (no ring)
MPRegen  0.15/turn              (no ring)
                                (no ring)
                                (no ring)

@: lethally poisoned (-1 -> -30), spider-form (expiring)
A: venomous fangs, almost no armour, (amphibious), 8 rings, tiny, (camouflage
1), (gelatinous body 1), (nimble swimmer 1), (tentacles)
a: End Transformation, Renounce Religion, Potion Petition, Call Merchant, Bribe
Branch


You were on level 1 of the Lair of Beasts.
You worshipped Gozag.
Gozag was most pleased with you.
You were a venomous arachnid creature.
You visited 3 branches of the dungeon, and saw 13 of its levels.
You also visited: Ossuary.

You collected 2224 gold pieces.
You paid 69 gold pieces to Gozag.

Inventory:

Hand Weapons
 b - a +2 scimitar of flaming
 l - a +1 quarterstaff of pain
Missiles
 m - 8 boomerangs
 t - 2 curare-tipped darts
 A - 21 arrows
 N - 22 poisoned darts
 O - a throwing net
Armour
 Q - a +0 buckler (melded)
Magical Staves
 d - a staff of fire
Jewellery
 c - a +6 ring of dexterity (left front leg)
 q - a +6 ring of strength (right front leg)
 w - a +4 ring of protection (on tentacle)
 E - a ring of fire
 G - a +4 ring of slaying (on tentacle)
Wands
 a - a wand of iceblast (25)
 s - a wand of paralysis (32)
Scrolls
 f - 5 scrolls of magic mapping
 i - 4 scrolls of enchant armour {unknown}
 j - 5 scrolls of noise {unknown}
 k - 3 scrolls of teleportation {unknown}
 n - 5 scrolls of immolation {unknown}
 v - 3 scrolls of fear {unknown}
 x - 3 scrolls of enchant weapon {unknown}
 y - a scroll of holy word {unknown}
 z - a scroll of blinking {unknown}
 D - a scroll of acquirement {unknown}
 F - 3 scrolls of brand weapon {unknown}
 H - 2 scrolls of torment {unknown}
 I - a scroll of vulnerability {unknown}
 K - a scroll of amnesia {unknown}
 U - a scroll of fog {unknown}
Potions
 e - a potion of lignification
 g - 3 potions of flight
 h - 2 potions of magic
 o - 3 potions of heal wounds
 p - 2 potions of haste
 r - 5 potions of curing
 u - a potion of attraction
 C - 2 potions of might
 L - a potion of ambrosia {unknown}
 M - a potion of brilliance {unknown}


   Skills:
 * Level 9.2 Fighting
 - Level 6.0 Dodging
 - Level 2.0 Stealth
 - Level 4.0 Shields
 - Level 12.0 Unarmed Combat
 - Level 3.0 Spellcasting
 - Level 7.0 Transmutations
 - Level 6.0 Ice Magic
 - Level 2.0 Poison Magic


You had 6 spell levels left.
You knew the following spells:

 Your Spells              Type           Power      Damage    Failure   Level
a - Beastly Appendage     Tmut           54%        N/A       4%          1
o - Ozocubu's Armour      Ice            24%        N/A       13%         3
p - Spider Form           Tmut/Pois      9%         N/A       21%         3
q - Ice Form              Ice/Tmut       26%        N/A       26%         4

Your spell library contained the following spells:

 Spells                   Type           Power      Damage    Failure   Level
 Wereblood                Tmut           27%        N/A       6%          2
 Animate Skeleton         Necr           4%         N/A       34%         1
 Apportation              Tloc           4%         N/A       34%         1
 Corona                   Hex            2%         N/A       34%         1
 Summon Small Mammal      Summ           8%         N/A       34%         1
 Sublimation of Blood     Necr           1%         N/A       45%         2
 Summon Forest            Summ/Tloc      1%         N/A       100%        5
 Summon Mana Viper        Hex/Summ       2%         N/A       100%        5
 Shadow Creatures         Summ           N/A        N/A       100%        6
 Ozocubu's Refrigeration  Ice            12%        4d7       100%        7
 Summon Hydra             Summ           1%         N/A       100%        7
 Chain Lightning          Conj/Air       1%         3d1       100%        9
 Fire Storm               Conj/Fire      1%         7d1       100%        9


Dungeon Overview and Level Annotations

Branches:
Dungeon (11/15)            Temple (1/1) D:5            Lair (1/6) D:11
    Orc (0/2) D:9         Ossuary (visited)

Altars:
Ashenzari
Cheibriados
Dithmenos
Elyvilon
Fedhas
Gozag
Hepliaklqana
Kikubaaqudgha
Makhleb
Nemelex Xobeh
Okawaru
Qazlal
Ru
Sif Muna
Trog
Uskayaw
Vehumet
Wu Jian
Xom
Yredelemnul
Zin
The Shining One

Shops:
D:3 (   D:9 *

Annotations:
Lair:1 exclusion: orange crystal statue


Innate Abilities, Weirdness & Mutations

You are a venomous arachnid creature.
You have poisonous fangs.
You are tiny and dextrous.
Your spellcasting is less reliable in this form.
Your armour is entirely melded.
You are incapable of wielding weapons or throwing items.
You cannot wear most types of armour.
((You are amphibious.))
You can wear up to eight rings at the same time.
((Your skin changes colour to match your surroundings (Stealth+).))
((Your rubbery body absorbs attacks. (AC +1, EV +1)))
((You are camouflaged near water. (Stealth+)))
((You have tentacles for arms and can constrict up to eight enemies at once.))


Message History

The glob of lava hits you!! The lava snake spits lava at you.
The glob of lava hits you!
Really wriggl into a travel-excluded area?
The lava snake spits lava at you. The glob of lava misses you.
The lava snake spits lava at you. You block the glob of lava.
Really wriggl into a travel-excluded area?
The lava snake spits lava at you. You block the glob of lava.
The orange crystal statue glitters.
The lava snake spits lava at you. The glob of lava hits you!
The lava snake spits lava at you. The glob of lava hits you!!
* * * LOW HITPOINT WARNING * * *
Casting: Spider Form (dangerous; 8% risk of failure)
Confirm with . or Enter, or press ? or * to list all spells.
You turn into a venomous arachnid creature.
Your +0 buckler melds into your body.
The water moccasin completely misses you.
You bite the water moccasin!
The water moccasin is heavily wounded.
The water moccasin bites you.
* * * LOW HITPOINT WARNING * * *
You hit the water moccasin.
The water moccasin is poisoned.
The water moccasin is severely wounded.
The water moccasin bites you.
* * * LOW HITPOINT WARNING * * *
You are lethally poisoned!
The water moccasin poisons you!
You completely miss the water moccasin.
The water moccasin is almost dead.
* * * LOW HITPOINT WARNING * * *
You feel very sick.
The water moccasin completely misses you.
Your transformation is almost over.
You die...
Your body crumbles into a pile of gold.

##### ##.#.## ##########
##.....# #...#.##.#
##....... ##......#.#
##........
#....s.S..###.........
#...........###........
#...........#P###......
#..............#.#......
#P......................
##....................#.
##..........[..........
##....................
####.......SSS...)..


You could see a water moccasin (summoned, very poisoned).

Vanquished Creatures
  Erica (D:11)
  3 two-headed ogres
  Pikel (D:8)
  2 cyclopes (D:11)
  Maurice (D:9)
  A gargoyle (D:11)
  An unseen horror (D:10)
  2 cane toads (Lair:1)
  A komodo dragon (Lair:1)
  A troll (D:9)
  2 wyverns
  A shadow (D:10)
  15 yaks
  A vampire (D:11)
  3 wraiths
  2 steam dragons
  2 sky beasts (D:6)
  3 orc warriors
  2 ogres (D:5)
  5 wolves (Lair:1)
  A phantom (D:5)
  2 kobold brigands
  A lemure (D:7)
  4 elf zombies (Ossuary)
  3 bullfrogs
  A gnoll sergeant (D:10)
  2 scorpions
  9 killer bees
  4 wights (D:8)
  A howler monkey (D:8)
  7 electric eels (D:8)
  A crimson imp (D:7)
  2 hounds
  2 centaur zombies
  2 jellies
  2 human zombies (Ossuary)
  5 orc priests
  A gnoll shaman (D:10)
  A centaur skeleton (D:5)
  2 iguanas
  8 orc wizards
  A scorpion zombie (D:5)
  A hound zombie (Ossuary)
  3 mummies (Ossuary)
  4 adders
  12 gnolls
  3 shadow imps
  A white imp (D:7)
  2 ufetubi
  2 worms (D:3)
  6 dart slugs
  22 orcs
  4 endoplasms
  3 giant cockroaches
  10 goblins
  6 hobgoblins
  8 jackals
  13 kobolds
  6 quokkas
  3 ball pythons
  7 bats
  A frilled lizard (D:2)
  2 goblin zombies (Ossuary)
  6 hobgoblin zombies (Ossuary)
  6 jackal zombies (Ossuary)
  5 kobold zombies (Ossuary)
  2 orc zombies
  4 quokka zombies (Ossuary)
  4 rats
  3 rat zombies (Ossuary)
261 creatures vanquished.

Vanquished Creatures (others)
  71 fungi
  12 plants
83 creatures vanquished.

Grand Total: 344 creatures vanquished

Notes
Turn   | Place    | Note
-------+----------+-------------------------------------------
     0 | D:1      | avis the Octopode Transmuter began the quest for the Orb.
     0 | D:1      | Reached XP level 1. HP: 13/13 MP: 3/3
   234 | D:1      | Found a faded altar of an unknown god.
   254 | D:1      | Reached XP level 2. HP: 18/18 MP: 3/5
   869 | D:1      | Reached skill level 4 in Unarmed Combat
   880 | D:1      | Reached XP level 3. HP: 22/23 MP: 4/6
   890 | D:1      | Learned a level 3 spell: Spider Form
  1743 | D:2      | Reached skill level 1 in Poison Magic
  1796 | D:2      | Reached XP level 4. HP: 28/28 MP: 7/7
  2469 | D:3      | Found Xiptan's Antique Weapon Shoppe.
  3309 | D:4      | HP: 1/28 [acid (2)]
  3643 | D:4      | Reached XP level 5. HP: 19/33 MP: 4/8
  3811 | D:4      | Found a glowing silver altar of Zin.
  3825 | D:4      | Found a white marble altar of Elyvilon.
  3827 | D:4      | Found a radiant altar of Vehumet.
  4101 | D:4      | Reached skill level 1 in Stealth
  4101 | D:4      | Reached skill level 5 in Unarmed Combat
  4660 | D:4      | Found a sacrificial altar of Ru.
  4762 | D:5      | Entered Level 5 of the Dungeon
  4894 | D:5      | Found a staircase to the Ecumenical Temple.
  4901 | Temple   | Entered the Ecumenical Temple
  4948 | Temple   | Became a worshipper of Gozag Ym Sagoz the Greedy
  5028 | D:5      | Found a sand-covered staircase.
  5037 | Ossuary  | Entered an ossuary
  5290 | Ossuary  | Reached XP level 6. HP: 18/39 MP: 9/9
  5753 | Ossuary  | Reached skill level 6 in Unarmed Combat
  5753 | Ossuary  | Reached XP level 7. HP: 37/45 MP: 10/10
  6054 | D:5      | Reached skill level 7 in Unarmed Combat
  6169 | D:5      | Reached XP level 8. HP: 20/52 MP: 5/11
  6172 | D:5      | Reached skill level 8 in Unarmed Combat
  7674 | D:6      | Reached skill level 9 in Unarmed Combat
  7696 | D:6      | Found a hazy altar of Hepliaklqana.
  7834 | D:6      | Learned a level 4 spell: Ice Form
  7838 | D:6      | Learned a level 3 spell: Ozocubu's Armour
  8474 | D:7      | Reached skill level 5 in Dodging
  8845 | D:7      | Reached skill level 1 in Ice Magic
  8845 | D:7      | Reached XP level 9. HP: 56/56 MP: 8/12
  9117 | D:8      | Noticed Pikel
  9199 | D:8      | Killed Pikel
  9216 | D:8      | Reached skill level 5 in Transmutations
 10199 | D:8      | Found a broken altar of Ashenzari.
 10270 | D:8      | Identified the +0 long sword "Ysuiwiom" {antimagic, rF+}
 11364 | D:8      | Reached skill level 10 in Unarmed Combat
 12198 | D:8      | Found a sparkling altar of Nemelex Xobeh.
 12733 | D:9      | Found an ornate altar of the Wu Jian Council.
 12801 | D:9      | Identified the +2 robe of Ashenzari {Dex+5}
 12853 | D:9      | Noticed a troll
 12866 | D:9      | Killed a troll
 12867 | D:9      | Reached skill level 5 in Fighting
 12867 | D:9      | Reached XP level 10. HP: 66/66 MP: 9/14
 12902 | D:9      | Noticed a two-headed ogre
 12910 | D:9      | Killed a two-headed ogre
 13337 | D:9      | Noticed Maurice
 13344 | D:9      | Paralysed by Maurice for 4 turns
 13356 | D:9      | Killed Maurice
 13432 | D:9      | Found Yxynik's Mayhem Merchandise.
 13525 | D:9      | Found a staircase to the Orcish Mines.
 13878 | D:10     | Entered Level 10 of the Dungeon
 13975 | D:10     | Found a burning altar of Makhleb.
 14001 | D:10     | Noticed a two-headed ogre
 14043 | D:10     | Killed a two-headed ogre
 14089 | D:10     | Reached skill level 11 in Unarmed Combat
 14499 | D:10     | Found a basalt altar of Yredelemnul.
 14559 | D:10     | Reached XP level 11. HP: 72/72 MP: 15/15
 14734 | D:10     | Found a glowing golden altar of the Shining One.
 14774 | D:10     | Found a shadowy altar of Dithmenos.
 15556 | D:11     | Noticed Erica
 15556 | D:11     | Noticed a cyclops
 15570 | D:11     | Killed Erica
 15584 | D:11     | Killed a cyclops
 15877 | D:11     | Noticed a two-headed ogre
 15885 | D:11     | Killed a two-headed ogre
 16084 | D:11     | Found a basalt altar of Yredelemnul.
 16253 | D:11     | Reached skill level 12 in Unarmed Combat
 16409 | D:11     | Found a staircase to the Lair.
 16531 | D:11     | Noticed a cyclops
 16545 | D:11     | Killed a cyclops
 17060 | Lair:1   | Entered Level 1 of the Lair of Beasts
 17582 | Lair:1   | Noticed an orange crystal statue
 17836 | Lair:1   | Reached XP level 12. HP: 84/84 MP: 11/16
 18448 | Lair:1   | HP: 4/85 [poisoned by a water moccasin]
 18449 | Lair:1   | Succumbed to a water moccasin's poison

Illustrated notes

Levels and vault maps discovered:
D:1:      dpeg_arrival_rooms_b, layout_basic,
          shapermc_ecumenical_altar_starsandcircs
D:2:      minmay_inner_zag, layout_loops_ring, chequers_decorated_corner,
          minmay_split_cup_large
D:3:      layout_basic, serial_shops, shop, minivault_24, minmay_surrounded
D:4:      layout_loops_ring, nicolae_ru_the_path_less_chosen, minitemple
D:5:      layout_layer_cave, minmay_temple_entry_tees, enter_ossuary_3,
          minivault_24
D:6:      layout_loops_ring, nicolae_hepliaklqana_hazy_memory
D:7:      layout_rooms, minmay_fire_ice_demons
D:8:      layout_basic, nemelex_diamond_rough_becter,
          mainiacjoe_overflow_chevrons, hangedman_decor_riveting,
          serial_bayou_lake_a, uniq_pikel
D:9:      layout_gridville, mainiacjoe_overflow_surrounded_room, orc_0_dummy,
          minmay_shop_mayhem, uniq_maurice
D:10:     layout_basic, mainiacjoe_overflow_small_starburst,
          mainiacjoe_overflow_catch_the_wave, mainiacjoe_overflow_alcove_2,
          minmay_misc_feat_five, minmay_fractal_squares_5
D:11:     layout_basic, lair_entry_dummy, yredelemnul_altar_generic, uniq_erica
Temple:   jpeg_temple_alley_garden
Lair:1:   layout_cave_pods, disabler_island

Skill      XL: |  1  2  3  4  5  6  7  8  9 10 11 12 |
---------------+-------------------------------------+-----
Unarmed Combat | 4 5 6 7 9 10 11 12 | 12.0
Transmutations | 3 4 5 7 |  7.0
Poison Magic   | 1 2 |  2.0
Stealth        | 2 |  2.0
Fighting       | 2 3 5 6 8 9 |  9.2
Dodging        | 3 5 6 |  6.0
Ice Magic      | 1 4 6 |  6.0
Spellcasting   | 3 |  3.0
Shields        | 4 |  4.0

Action                   |  1- 3 |  4- 6 |  7- 9 | 10-12 || total
-------------------------+-------+-------+-------+-------++-------
Melee: Unarmed           |    11 |    14 |   227 |   235 ||   487
       Kick              |    28 |    54 |    20 |       ||   102
       Constrict         |    23 |    43 |    11 |       ||    77
       Tentacles         |     7 |    43 |    16 |       ||    66
       Punch             |     3 |     4 |       |       ||     7
       Dagger            |    65 |   148 |    33 |       ||   246
 Cast: Beastly Appendage |    25 |    35 |     8 |       ||    68
       Spider Form       |       |     3 |    44 |    20 ||    67
       Ice Form          |       |       |    11 |    11 ||    22
  Use: Scroll            |       |     1 |     8 |     2 ||    11
 Stab: Sleeping          |    12 |    13 |     6 |     4 ||    35
       Distracted        |       |     1 |     3 |     1 ||     5
Armor: Skin              |     5 |    30 |    25 |    32 ||    92
Dodge: Dodged            |    31 |   105 |   189 |   165 ||   490
Block: Buckler           |       |       |       |     2 ||     2

Table legend: (Time is in decaauts)
 A = Elapsed time spent in this place.
 B = Non-inter-level travel time spent in this place.
 C = Inter-level travel time spent in this place.
 D = Time resting spent in this place.
 E = Time spent auto-exploring this place.
 F = Levels seen in this place.
 G = Mean time per level.
                   A        B        C        D        E       F      G
               +--------+--------+--------+--------+--------+-----+--------+
         Total |  18397 |  16922 |   1475 |   5842 |   7136 |  14 | 1314.1 |
       Dungeon |  15934 |  14459 |   1475 |   4790 |   6549 |  11 | 1448.5 |
        Temple |    112 |    112 |      0 |      0 |      0 |   1 |  112.0 |
          Lair |   1375 |   1375 |      0 |    473 |    571 |   1 | 1375.0 |
       Ossuary |    975 |    975 |      0 |    579 |     16 |   1 |  975.0 |
               +--------+--------+--------+--------+--------+-----+--------+

Top non-repeatable levels by time:
     D:8: 2825 daAuts
     D:5: 1599 daAuts
    D:11: 1527 daAuts
     D:7: 1481 daAuts
     D:3: 1397 daAuts
    D:10: 1389 daAuts
  Lair:1: 1375 daAuts
     D:4: 1329 daAuts
     D:9: 1222 daAuts
     D:1: 1113 daAuts
     D:6: 1037 daAuts
     D:2: 1010 daAuts
 Ossuary: 975 daAuts
  Temple: 112 daAuts
